 Dungeon Crawl Stone Soup version 0.32-a0-893-gf85d74f (webtiles) character file.

Game seed: 17099291377032031700

25786 lykaon the Frost Mage (level 12, -8/94 HPs)
             Began as a Demigod Ice Elementalist on Mar 29, 2024.
             Mangled by a death yak (19 damage)
             ... on level 5 of the Lair of Beasts on Apr 3, 2024.
             The game lasted 00:44:54 (17106 turns).

lykaon the Frost Mage (Demigod Ice Elementalist)   Turns: 17106, Time: 00:44:54

Health: -8/94      AC: 13    Str: 19    XL:     12   Next: 56%
Magic:  9/23       EV: 14    Int: 29    God:
Gold:   845        SH:  0    Dex: 20    Spells: 6/20 levels left

rFire   . .          .
                       - Unarmed
rCold   . . .        (no shield)
rNeg    . . .        J - +2 acid dragon scales
rPois   .            x - +0 helmet
rElec   .            w - +0 cloak
rCorr   +            (no gloves)
SInv    .            c - +0 pair of boots
Will    +....        (no amulet)
Stlth   +++          n - +6 ring of dexterity
HPRegen 0.35/turn    D - +6 ring of strength
MPRegen 0.18/turn

%: no passive effects
@: no status effects
A: high MP 1, forlorn, divine attributes
a: no special abilities


You were on level 5 of the Lair of Beasts.
You visited 2 branches of the dungeon, and saw 14 of its levels.
You also visited: Sewer.

You collected 845 gold pieces.

Inventory:

Missiles
 f - 2 poisoned darts
 p - 11 boomerangs (quivered)
 K - a throwing net
Armour
 c - a +0 pair of boots (worn)
 j - a +0 chain mail of poison resistance
 w - a +0 cloak (worn)
 x - a +0 helmet (worn)
 J - +2 acid dragon scales (worn)
 Q - a +3 ring mail of cold resistance
Jewellery
 n - a +6 ring of dexterity (left hand)
 r - a ring of resist corrosion
 D - a +6 ring of strength (right hand)
 I - a ring of fire
 L - a +6 ring of intelligence
Wands
 d - a wand of iceblast (5)
 m - a wand of paralysis (39)
 t - a wand of flame (9)
 z - a wand of polymorph (10)
 G - a wand of mindburst (18)
 H - a wand of light (12)
Scrolls
 g - 2 scrolls of enchant weapon
 h - 2 scrolls of revelation
 i - 2 scrolls of amnesia
 k - a scroll of fear
 l - a scroll of acquirement {unknown}
 o - a scroll of fog
 q - 2 scrolls of enchant armour
 u - 2 scrolls of teleportation
 y - a scroll of immolation
 A - a scroll of silence
 B - a scroll of poison {unknown}
 C - a scroll of vulnerability
 F - 2 scrolls of brand weapon
 O - a scroll of blinking {unknown}
 R - a scroll of butterflies {unknown}
Potions
 b - a potion of cancellation
 e - 5 potions of enlightenment
 s - 2 potions of berserk rage
 v - a potion of mutation
 E - 2 potions of attraction
 M - 2 potions of resistance
 N - a potion of heal wounds
 P - a potion of curing


   Skills:
 + Level 5.0 Fighting
 + Level 6.1 Armour
 + Level 6.3 Dodging
 - Level 5.4 Stealth
 * Level 10.9 Unarmed Combat
 + Level 4.8 Spellcasting
 - Level 3.0 Summonings
 * Level 4.2 Translocations
 - Level 11.0 Ice Magic
 - Level 3.0 Evocations


You had 6 spell levels left.
You knew the following spells:

 Your Spells              Type           Power      Damage    Failure   Level
a - Maxwell's Portable P  Tloc           31%        2d(8-22)  4%          3
b - Frozen Ramparts       Ice            100%       1d16      1%          3
c - Ozocubu's Armour      Ice            63%        N/A       1%          3
d - Summon Ice Beast      Ice/Summ       47%        N/A       1%          3
e - Lesser Beckoning      Tloc           62%        N/A       2%          2

Your spell library contained the following spells:

 Spells                   Type           Power      Damage    Failure   Level
 Apportation              Tloc           62%        N/A       1%          1
 Freeze                   Ice            100%       1d10      1%          1
 Ensorcelled Hibernation  Hex/Ice        76%        N/A       1%          2
 Teleport Other           Tloc           31%        N/A       4%          3
 Volatile Blastmotes      Fire/Tloc      38%        2d13      11%         3
 Cigotuvi's Dreadful Rot  Necr/Alch/Air  12%        N/A       12%         2
 Jinxbite                 Hex            12%        N/A       12%         2
 Fugue of the Fallen      Necr           6%         N/A       24%         3
 Tukima's Dance           Hex            6%         N/A       24%         3
 Dimensional Bullseye     Hex/Tloc       9%         N/A       34%         4
 Iskenderun's Mystic Bla Conj/Tloc 19%            2d6        (+2d2     34%         4
 Martyr's Knell           Necr/Summ      15%        N/A       41%         4
 Anguish                  Hex/Necr       3%         N/A       63%         4
 Animate Dead             Necr           6%         N/A       63%         4
 Brom's Barrelling Bould  Conj/Erth      6%         2d3       63%         4
 Dispel Undead            Necr           6%         3d8       63%         4
 Fulminant Prism          Conj/Alch      3%         3d5       63%         4
 Alistair's Intoxication  Alch           4%         N/A       92%         5
 Fireball                 Conj/Fire      3%         3d4       92%         5
 Iskenderun's Battlesphe  Conj           6%         2d6       92%         5
 Conjure Ball Lightning   Conj/Air       3%         3x3d6     100%        6
 Haunt                    Necr/Summ      7%         N/A       100%        7
 Manifold Assault         Tloc           15%        N/A       100%        7
 Orb of Destruction       Conj           3%         9d5       100%        7
 Infestation              Necr           3%         N/A       100%        8


Dungeon Overview and Level Annotations

Branches:
Dungeon (9/15)             Temple (0/1) D:7            Lair (5/5) D:8
  Swamp (0/4) Lair:2       Spider (0/4) Lair:3        Sewer (visited)
  Slime: Lair:4-5       Orc: D:9-12

Shops:
D:1 ?   D:7 [   D:9 *


Innate Abilities, Weirdness & Mutations

You have an increased reservoir of magic. (+10% MP)
You shall have no god before yourself.
Your divine heritage dramatically boosts your attributes as you level up.


Message History

The wall freezes the death yak!
The death yak gores you!
The wall freezes the death yak. x2
You punch the death yak!
You kill the death yak!
The wall freezes the death yak but does no damage.
A death yak comes into view.
The wall freezes the death yak!
Your Fighting skill increases to level 5!
Okay, then.
Okay, then.
Casting: Ozocubu's Armour (safe; 1% risk of failure)
Confirm with . or Enter, or press ? or * to list all spells.
A chill wind blows around you.
The death yak bellows!
The wall freezes the death yak but does no damage.
The death yak gores you!
* * * LOW HITPOINT WARNING * * *
The wall freezes the death yak but does no damage.
The wall freezes the death yak.
Casting: Summon Ice Beast (safe; 1% risk of failure)
Confirm with . or Enter, or press ? or * to list all spells.
A chill wind blows around you.
Your ice beast disappears in a puff of smoke!
The wall freezes the death yak.
The death yak barely misses you.
A death yak comes into view.
The wall freezes the death yak!
Your icy armour cracks and falls away as you move.
The frozen ramparts melt away as you move.
Your ice beast hits the death yak but does no damage.
You see here a wyvern corpse.
Your ice beast hits the death yak but does no damage.
Your ice beast hits the death yak.
Your ice beast freezes the death yak!
The death yak attacks as it pursues you!
The death yak gores you.
* * * LOW HITPOINT WARNING * * *
Your ice beast hits the death yak but does no damage.
The death yak gores your ice beast!!
The death yak attacks as it pursues you!
The death yak gores you!!
You die...

#..##.....###
..####.......##
.. #.##....P##
.. #####.....#
. ##..#.## .
###...##
##...####
##..#..# ##@..#
#PY.### #Y....#
##.[..# ##YY.##
# # #PY...#
P#Y. ##.†Y.#
.....
#....##...P.#
###..##.††Y..#


You could see 5 death yaks and a friendly ice beast (summoned).

Vanquished Creatures
  An eleionoma (Lair:2)
  3 death yaks
  2 hydras (Lair:4)
  A skyshark (Lair:3)
  A black mamba (Lair:2)
  2 torpor snails
  4 cane toads
  A rime drake (Lair:4)
  3 komodo dragons
  3 polar bears
  2 hornets (D:9)
  7 blink frogs
  18 dream sheep
  A jumping spider (Lair:3)
  13 yaks
  2 steam dragons
  Eustachio (D:6)
  5 wyverns
  A redback (Lair:3)
  An acid dragon (D:9)
  10 water moccasins
  4 orc warriors
  10 black bears
  A crocodile (Sewer)
  2 wolves (Lair:4)
  An ogre (D:7)
  12 bullfrogs
  A brain worm (Sewer)
  5 scorpions
  Blork the orc (D:6)
  6 wights
  8 killer bees
  3 howler monkeys
  2 electric eels
  A hound (D:5)
  2 gnoll boudas
  2 orc priests
  An iguana (D:5)
  Terence (D:3)
  A sleepcap (D:4)
  11 orc wizards
  A hound zombie (D:3)
  11 gnolls
  A howler monkey zombie (D:3)
  9 adders
  A shadow imp (D:7)
  2 white imps
  An adder zombie (D:3)
  A ribbon worm (D:6)
  2 dart slugs
  22 orcs
  3 ball pythons
  11 bats
  5 endoplasms
  5 giant cockroaches
  5 hobgoblins
  10 jackals
  6 kobolds
  2 quokkas (D:1)
  4 frilled lizards
  6 goblins
  A jackal zombie (D:3)
  6 rats
272 creatures vanquished.

Vanquished Creatures (collateral kills)
  A torpor snail (Lair:4)
  A cane toad (Lair:3)
  3 komodo dragons
  A polar bear (Lair:2)
  A blink frog (Lair:4)
  5 dream sheep
  4 yaks
  A redback (Lair:3)
  A water moccasin (Lair:2)
  An ice beast (D:7)
  An orc warrior (D:9)
  A black bear (Lair:4)
  A wolf (Lair:4)
  A bullfrog (Lair:2)
  3 wights
  A gnoll bouda (D:7)
  3 orc wizards
  A gnoll (D:7)
  A white imp (D:7)
  2 orcs (D:9)
  A bat (D:9)
35 creatures vanquished.

Grand Total: 307 creatures vanquished

Notes
Turn   | Place    | Note
-------+----------+-------------------------------------------
     0 | D:1      | lykaon the Demigod Ice Elementalist began the quest for the
                  | Orb.
     0 | D:1      | Reached XP level 1. HP: 14/14 MP: 5/5
   162 | D:1      | Found Qeravog's Magic Scroll Shoppe.
   276 | D:1      | Reached XP level 2. HP: 22/22 MP: 7/7
   951 | D:2      | Reached XP level 3. HP: 25/27 MP: 8/8
   955 | D:2      | Learned a level 3 spell: Frozen Ramparts
  1260 | D:2      | Reached skill level 1 in Unarmed Combat
  1456 | D:2      | Reached skill level 1 in Fighting
  1849 | D:3      | Reached skill level 4 in Ice Magic
  1981 | D:3      | Noticed Terence
  2133 | D:3      | Killed Terence
  2134 | D:3      | Reached skill level 1 in Armour
  2134 | D:3      | Reached XP level 4. HP: 21/35 MP: 0/9
  2139 | D:3      | Learned a level 3 spell: Ozocubu's Armour
  2759 | D:4      | Reached XP level 5. HP: 15/41 MP: 4/10
  3711 | D:5      | Entered Level 5 of the Dungeon
  3759 | D:5      | Reached XP level 6. HP: 36/48 MP: 2/11
  3856 | D:5      | Reached skill level 5 in Ice Magic
  4609 | D:5      | Reached XP level 7. HP: 48/55 MP: 7/13
  4678 | D:6      | Learned a level 3 spell: Summon Ice Beast
  4788 | D:6      | Found a glowing drain.
  4792 | Sewer    | Entered a sewer
  4862 | Sewer    | Reached skill level 1 in Summonings
  5016 | D:6      | Noticed Blork the orc
  5042 | D:6      | Killed Blork the orc
  5054 | D:6      | Noticed Eustachio
  5616 | D:6      | Reached XP level 8. HP: 60/61 MP: 7/14
  5695 | D:6      | Killed Eustachio
  5696 | D:6      | Reached skill level 6 in Ice Magic
  6078 | D:7      | Found Naom's Antique Armour Emporium.
  6456 | D:7      | Reached skill level 5 in Unarmed Combat
  6781 | D:7      | Reached XP level 9. HP: 62/67 MP: 6/15
  6785 | D:7      | Learned a level 2 spell: Lesser Beckoning
  7265 | D:7      | Found a staircase to the Ecumenical Temple.
  8282 | D:8      | Reached skill level 1 in Translocations
  8282 | D:8      | Reached skill level 7 in Ice Magic
  8455 | D:8      | Reached skill level 5 in Stealth
  8869 | D:8      | Reached skill level 5 in Dodging
  9142 | D:8      | Found a staircase to the Lair.
  9637 | D:9      | Paralysed by a hornet for 2 turns
  9639 | D:9      | Reached XP level 10. HP: 39/74 MP: 9/16
  9882 | D:9      | Reached skill level 1 in Evocations
  9996 | D:9      | Found Seulocs's General Store.
 10534 | D:9      | Reached skill level 5 in Armour
 10534 | D:9      | Reached skill level 8 in Ice Magic
 10945 | Lair:1   | Entered Level 1 of the Lair of Beasts
 11537 | Lair:1   | Noticed a torpor snail
 11545 | Lair:1   | Killed a torpor snail
 12363 | Lair:2   | Found a staircase to the Swamp.
 12363 | Lair:2   | Noticed an eleionoma
 12421 | Lair:2   | Killed an eleionoma
 12782 | Lair:2   | Reached XP level 11. HP: 83/83 MP: 10/19
 12881 | Lair:2   | Reached skill level 9 in Ice Magic
 14201 | Lair:3   | Reached skill level 10 in Ice Magic
 14337 | Lair:3   | Noticed a skyshark
 14353 | Lair:3   | Killed a skyshark
 14881 | Lair:3   | Found a hole to the Spider Nest.
 15350 | Lair:3   | Upgraded the game from 0.32-a0-871-ge202e49 to
                  | 0.32-a0-893-gf85d74f
 15360 | Lair:4   | Learned a level 3 spell: Maxwell's Portable Piledriver
 15394 | Lair:4   | Noticed an eight-headed hydra
 15641 | Lair:4   | Noticed a death yak
 15668 | Lair:4   | Reached skill level 10 in Unarmed Combat
 15674 | Lair:4   | Killed a death yak
 15876 | Lair:4   | Reached XP level 12. HP: 91/91 MP: 14/21
 15906 | Lair:4   | Killed an eight-headed hydra
 15915 | Lair:4   | Reached skill level 11 in Ice Magic
 15981 | Lair:4   | Noticed a four-headed hydra
 15995 | Lair:4   | Killed a four-headed hydra
 16837 | Lair:5   | Entered Level 5 of the Lair of Beasts
 17097 | Lair:5   | Reached skill level 5 in Fighting
 17106 | Lair:5   | Mangled by a death yak

Illustrated notes

Levels and vault maps discovered:
D:1:      minmay_arrival_checkered_box, layout_rooms, serial_shops, shop
D:2:      layout_loops_corners, st_stairs_8, grunt_ministairs_6,
          dk_noncrumbling_2, grunt_decor_fettered
D:3:      layout_rooms, nicolae_yredelemnul_corpse_copse,
          basic_ecumenical_altar, kennysheep_generic_room_8, uniq_terence
D:4:      layout_basic, nicolae_gozag_seed_capital, serial_park_tiny_1
D:5:      layout_basic
D:6:      layout_rooms, regret_index_xom_buried_treasure, lemuel_doored_altar,
          worldfamousw_hep_ancestral_shrine, gup_sewer_entry_bowl,
          minmay_misc_feat_five, uniq_blork_the_orc, uniq_eustachio
D:7:      layout_layer_cave, mainiacjoe_overflow_brackets,
          minmay_temple_entry_enclosed_plants, serial_shops, shop, dk_vineyard_1
D:8:      layout_basic, pf_just_have_faith, due_lair_maze_entry_diamond,
          hangedman_abyss_or_decor_stagger
D:9:      layout_rooms, nicolae_ru_great_annihilating_truth, serial_shops, shop,
          nicolae_benzene_ring
Lair:1:   layout_regular_city, lemuel_fruit_tree, serial_bayou_shore_b,
          grunt_megastairs_1, serial_bayou_shore_a
Lair:2:   layout_chaotic_city, alex1729_swamp_entry_worm_eleionoma,
          nicolae_quartered_pool_impasse, serial_bayou_shore_b,
          serial_bayou_shore_b, infiniplex_staircase_pool_2
Lair:3:   layout_cave_pods, spider_nest_entry_a, infiniplex_staircase_pool,
          serial_bayou_shore_b
Lair:4:   layout_cave_shapes
Lair:5:   guppyfry_lair_end_dragon, layout_layer_cave, dpeg_slime_entry_enclosed

Skill      XL: |  1  2  3  4  5  6  7  8  9 10 11 12 |
---------------+-------------------------------------+-----
Dodging        | 2 3 4 5 6 |  6.3
Spellcasting   | 2 3 4 |  4.8
Stealth        | 2 3 4 5 |  5.4
Unarmed Combat | 1 2 3 4 5 6 7 10 | 10.9
Fighting       | 1 2 3 4 5 |  5.0
Ice Magic      | 4 5 6 7 8 10 11 | 11.0
Armour         | 1 2 3 4 5 6 |  6.1
Summonings     | 2 3 |  3.0
Translocations | 2 3 4 |  4.2
Evocations     | 2 3 |  3.0

Action                     |  1- 3 |  4- 6 |  7- 9 | 10-12 || total
---------------------------+-------+-------+-------+-------++-------
  Melee: Dagger            |    38 |       |       |       ||    38
         Whip              |    69 |    82 |       |       ||   151
         Unarmed           |       |    40 |   227 |   344 ||   611
         Punch             |       |     1 |    15 |    27 ||    43
  Throw: Boomerang         |       |       |     1 |     3 ||     4
   Cast: Freeze            |    21 |     8 |       |       ||    29
         Frozen Ramparts   |     5 |    17 |    41 |    51 ||   114
         Ozocubu's Armour  |       |     8 |    20 |    50 ||    78
         Summon Ice Beast  |       |       |    16 |    46 ||    62
         Lesser Beckoning  |       |       |     1 |       ||     1
         Maxwell's Portabl |       |       |       |     1 ||     1
  Evoke: Wand              |       |       |     1 |    12 ||    13
    Use: Scroll            |     2 |     2 |     9 |     9 ||    22
         Potion            |       |     3 |     5 |     1 ||     9
   Stab: Sleeping          |     3 |     7 |       |     4 ||    14
         Invisible         |       |       |       |     2 ||     2
         Distracted        |       |       |       |     1 ||     1
 Armour: Leather armour    |    73 |    62 |       |       ||   135
         Robe              |     1 |       |       |       ||     1
         Ring mail         |       |    25 |   212 |    31 ||   268
         Acid dragon scale |       |       |       |   207 ||   207
  Dodge: Dodged            |    89 |    76 |   142 |   203 ||   510

Table legend: (Time is in decaauts)
 A = Elapsed time spent in this place.
 B = Non-inter-level travel time spent in this place.
 C = Inter-level travel time spent in this place.
 D = Time resting spent in this place.
 E = Time spent auto-exploring this place.
 F = Levels seen in this place.
 G = Mean time per level.
                   A        B        C        D        E       F      G
               +--------+--------+--------+--------+--------+-----+--------+
         Total |  17077 |  16646 |    431 |     58 |  13375 |  15 | 1138.5 |
       Dungeon |  10769 |  10412 |    357 |     56 |   8230 |   9 | 1196.6 |
          Lair |   6136 |   6062 |     74 |      2 |   5032 |   5 | 1227.2 |
         Sewer |    171 |    171 |      0 |      0 |    113 |   1 |  171.0 |
               +--------+--------+--------+--------+--------+-----+--------+

Top non-repeatable levels by time:
     D:8: 1935 daAuts
  Lair:2: 1659 daAuts
     D:7: 1551 daAuts
  Lair:4: 1476 daAuts
  Lair:3: 1471 daAuts
     D:9: 1359 daAuts
  Lair:1: 1270 daAuts
     D:6: 1222 daAuts
     D:2: 1204 daAuts
     D:4: 1131 daAuts
     D:5: 975 daAuts
     D:3: 795 daAuts
     D:1: 592 daAuts
  Lair:5: 258 daAuts
   Sewer: 171 daAuts
